 Dungeon Crawl Stone Soup version 0.23-a0-582-g1b4a0ca (webtiles) character file.

2436 Lavandula the Slicer (level 9, -3/51 (52) HPs)
             Began as a Halfling Enchanter on Dec 16, 2018.
             Was a Follower of Hepliaklqana.
             Slain by a hippogriff (4 damage)
             ... on level 7 of the Dungeon.
             The game lasted 00:26:29 (4951 turns).

Lavandula the Slicer (Halfling Enchanter)           Turns: 4951, Time: 00:26:30

HP:   -3/51 (52)    AC:  5    Str:  9    XL:     9   Next: 77%
MP:   11/11         EV: 15    Int: 16    God:    Hepliaklqana [*.....]
Gold: 268           SH:  0    Dex: 15    Spells: 1/11 levels left

rFire    + . .     SeeInvis .   g - +2 whip (elec)
rCold    . . .     Gourm    .   (shield restricted)
rNeg     . . .     Faith    .   b - +0 robe
rPois    .         Spirit   .   m - +0 helmet
rElec    .         Reflect  .   (no cloak)
rCorr    .         Harm     .   f - +0 pair of gloves
MR       .....                  o - +0 pair of boots
Stlth    +.........             i - amulet of the acrobat
HPRegen  0.17/turn              l - ring of protection from fire
MPRegen  0.12/turn              (no ring)

@: glowing
A: small, reduced essence, mutation resistance 1
a: Recall Ancestor, Ancestor Identity, Renounce Religion


You were on level 7 of the Dungeon.
You worshipped Hepliaklqana.
Hepliaklqana was aware of your devotion.
You were hungry.

You visited 2 branches of the dungeon, and saw 9 of its levels.

You collected 358 gold pieces.
You spent 90 gold pieces at shops.

Inventory:

Hand Weapons
 a - a +1 dagger
 g - a +2 whip of electrocution (weapon)
Missiles
 s - 36 sling bullets
Armour
 b - a +0 robe (worn)
 f - a +0 pair of gloves (worn)
 m - a +0 helmet (worn)
 o - a +0 pair of boots (worn)
Jewellery
 i - an amulet of the acrobat (around neck)
 l - a ring of protection from fire (left hand)
 y - an uncursed amulet of rage
Wands
 p - a wand of acid (1)
 r - a wand of random effects (9)
 x - a wand of iceblast (6)
Scrolls
 c - 3 scrolls of teleportation
 h - 3 scrolls of remove curse
 j - a scroll of enchant weapon {unknown}
 k - 2 scrolls of amnesia
 n - 2 scrolls of immolation
 q - a scroll of blinking
 w - a scroll of holy word
 A - a scroll of vulnerability {unknown}
Potions
 e - 4 potions of curing
 t - 3 potions of lignification {unknown}
 u - a potion of ambrosia {unknown}
 v - a potion of heal wounds {unknown}
 z - a potion of might {unknown}
Comestibles
 d - 9 rations


   Skills:
 - Level 4.0 Fighting
 - Level 9.7 Short Blades
 + Level 3.9 Maces & Flails
 - Level 2.1 Dodging
 - Level 3.2 Stealth
 - Level 1.5 Spellcasting
 - Level 4.5 Hexes
 - Level 4.0 Necromancy


You had one spell level left.
You knew the following spells:

 Your Spells              Type           Power        Failure   Level  Hunger
a - Corona                Hex            ###....      3%          1    ##.....
b - Ensorcelled Hibernat  Hex/Ice        #.....       13%         2    ###....
c - Confuse               Hex            ###.....     10%         3    ####...
d - Dazzling Spray        Conj/Hex       #.....       26%         3    ####...
e - Animate Skeleton      Necr           N/A          4%          1    ##.....

Your spell library contained the following spells:

 Spells                   Type           Power        Failure   Level  Hunger
 Confusing Touch          Hex            ###...       3%          1    ##.....
 Apportation              Tloc           #.....       22%         1    ##.....
 Summon Small Mammal      Summ           #...         22%         1    ##.....
 Tukima's Dance           Hex            ###.....     10%         3    ####...


Dungeon Overview and Level Annotations

Branches:
Dungeon (8/15)             Temple (1/1) D:5
   Lair: D:8-11

Altars:
Ashenzari
Dithmenos
Gozag
Hepliaklqana
Kikubaaqudgha
Makhleb
Nemelex Xobeh
Qazlal
Sif Muna
Uskayaw
Wu Jian
Zin
The Shining One

Shops:
D:5 *}   D:7 [


Innate Abilities, Weirdness & Mutations

You are small and have problems with some larger weapons.
You are somewhat resistant to further mutation.
Your life essence is reduced to manifest your ancestor. (-10% HP)


Message History

Unknown command.
You hit the hippogriff.
The hippogriff is almost dead.
The hippogriff bites you. The hippogriff pecks you.
The hippogriff barely misses you.
Unknown command.
You barely miss the hippogriff.
The hippogriff is almost dead.
The hippogriff completely misses you.
The hippogriff pecks you but does no damage.
The hippogriff claws you.
Unknown command.
You closely miss the hippogriff.
The hippogriff is almost dead.
The hippogriff bites you!
* * * LOW HITPOINT WARNING * * *
The hippogriff pecks you.
* * * LOW HITPOINT WARNING * * *
The hippogriff claws you.
You die...

#.....#.....#g.# #...
#.#g#.#.###.#)# #...
###H##gg###.)#.gg##...
#.#.#.#..##.##gg#.#...
#.....##....# ##g.#.#.
###g######### ###.#.
##gg# #.#. ##H# #.#.
## #@# #.#. #.###R#
#.#. #.....# #...
###.### #... ##....#
#... #.#...# #.#.
#.###.# #.#. #...#.#
#.#. ### #....## #...


You could see the friendly Jabu the ancestor, a hippogriff and 3 gnolls.

Vanquished Creatures
  Pikel (D:7)
  An orc warrior (D:6)
  2 phantoms
  An ice beast (D:6)
  A slave (D:7)
  An ogre (D:7)
  A sky beast (D:7)
  A necrophage (D:6)
  2 bullfrogs
  A gnoll sergeant (D:6)
  3 wights (D:6)
  A bullfrog zombie (D:5)
  A crimson imp (D:5)
  7 hounds
  A centaur skeleton (D:7)
  An orc priest (D:4)
  A bullfrog skeleton (D:5)
  2 iguanas (D:5)
  2 orc wizards (D:4)
  A worker ant (D:5)
  A worker ant zombie (D:5)
  4 gnolls
  16 adders
  4 dart slugs
  6 leopard geckos
  15 orcs
  3 giant cockroaches
  4 goblins
  3 hobgoblins
  10 jackals
  A quokka (D:2)
  2 ball pythons
  9 bats
  7 frilled lizards
  5 kobolds
  A leopard gecko skeleton (D:4)
  2 rats (D:1)
125 creatures vanquished.

Vanquished Creatures (collateral kills)
  An eye of draining (D:8)
  A centaur (D:7)
  A gnoll shaman (D:7)
  An iguana (D:8)
  A worker ant (D:8)
  A gnoll (D:7)
  A leopard gecko (D:7)
  An orc (D:5)
8 creatures vanquished.

Vanquished Creatures (others)
  A bullfrog (D:7)
  2 ancestors (D:7)
3 creatures vanquished.

Grand Total: 136 creatures vanquished

Notes
Turn   | Place    | Note
-------+----------+-------------------------------------------
     0 | D:1      | Lavandula the Halfling Enchanter began the quest for the
                  | Orb.
     0 | D:1      | Reached XP level 1. HP: 11/11 MP: 3/3
    78 | D:1      | Reached skill level 2 in Short Blades
   116 | D:1      | Reached XP level 2. HP: 17/17 MP: 4/4
   196 | D:1      | Reached skill level 3 in Short Blades
   302 | D:2      | Reached XP level 3. HP: 12/21 MP: 1/5
   541 | D:2      | Found a glowing silver altar of Zin.
   636 | D:4      | Reached skill level 4 in Short Blades
   733 | D:3      | Reached XP level 4. HP: 26/27 MP: 6/6
   740 | D:3      | Learned a level 2 spell: Ensorcelled Hibernation
   877 | D:3      | Reached skill level 5 in Short Blades
  1046 | D:4      | Reached XP level 5. HP: 31/31 MP: 4/7
  1284 | D:5      | Entered Level 5 of the Dungeon
  1290 | D:5      | Reached skill level 6 in Short Blades
  1343 | D:5      | Reached XP level 6. HP: 34/36 MP: 0/8
  1446 | D:6      | Noticed an ogre
  1654 | D:6      | Noticed a phantom
  1657 | D:6      | Reached skill level 7 in Short Blades
  1687 | D:5      | Learned a level 3 spell: Confuse
  1739 | D:6      | Killed a phantom
  2020 | D:5      | Found Qiodod's Gadget Shop.
  2046 | D:5      | Found Efeo's General Store.
  2057 | D:5      | Reached skill level 8 in Short Blades
  2057 | D:5      | Reached XP level 7. HP: 30/41 MP: 2/9
  2089 | D:5      | Learned a level 3 spell: Dazzling Spray
  2172 | D:5      | Bought a scroll of holy word for 90 gold pieces
  2202 | D:5      | Found a sparkling altar of Nemelex Xobeh.
  2374 | D:4      | Found a stormy altar of Qazlal.
  2466 | D:4      | Gained mutation: You are frail. (-10% HP) [potion of
                  | mutation]
  2467 | D:4      | Lost mutation: You are frail. (-10% HP) [potion of
                  | mutation]
  3035 | D:4      | Reached XP level 8. HP: 46/46 MP: 10/10
  3068 | D:4      | Learned a level 1 spell: Animate Skeleton
  3313 | D:5      | Reached skill level 1 in Necromancy
  3367 | D:5      | Found a staircase to the Ecumenical Temple.
  3372 | Temple   | Entered the Ecumenical Temple
  3427 | Temple   | Became a worshipper of Hepliaklqana the Forgotten
  4119 | D:8      | Reached skill level 9 in Short Blades
  4137 | D:8      | Reached XP level 9. HP: 27/44 MP: 3/11
  4163 | D:7      | Noticed Pikel
  4188 | D:7      | Killed Pikel
  4239 | D:7      | Reached skill level 1 in Maces & Flails
  4335 | D:7      | Reached * piety under Hepliaklqana
  4406 | D:7      | Found Qicocuh's Armour Shoppe.
  4926 | D:7      | Noticed a hippogriff
  4951 | D:7      | HP: 1/51 [hippogriff (3)]
  4951 | D:7      | Slain by a hippogriff

Vault maps used:
D:1:      tarquinn_simple_flora_water_f, minmay_misc_feat_four_crosses
D:2:      minmay_chambers_of_twos, lemuel_crystal_altar, lemuel_crystal_altar,
          chequers_serial_rivers_small_b, minmay_pentomino_q2
D:3:      lemuel_coloured_pillars_altar, overflow_temple_1_default,
          minmay_fractal_squares_diagonal_5
D:4:      kennysheep_little_box
D:5:      kennysheep_mini, minmay_temple_entry_nine_rooms, first_ration,
          serial_shops, nicolae_shop_behind_doors, shop
D:6:      minmay_overflow_temple_star_hex, sword_in_stone
D:7:      minmay_the_grid_square_5x5_3x3, serial_shops, nicolae_shop_stone,
          grunt_livestock, uniq_pikel
D:8:      vehumet_statue
Temple:   eino_wide_crystal_templ

Skill      XL: |  1  2  3  4  5  6  7  8  9 |
---------------+----------------------------+-----
Short Blades   | 2 3 4 5 6 8 9 |  9.7
Hexes          | 4 |  4.5
Necromancy     | 4 |  4.0
Fighting       | 4 |  4.0
Maces & Flails | 3 |  3.9
Dodging        | |  2.1
Stealth        | |  3.2
Spellcasting   | |  1.5

Action                   |  1- 3 |  4- 6 |  7- 9 || total
-------------------------+-------+-------+-------++-------
Melee: Dagger            |    87 |    76 |   224 ||   387
       Whip              |       |       |    54 ||    54
 Cast: Corona            |    13 |     1 |       ||    14
       Ensorcelled Hiber |       |    31 |    29 ||    60
       Confuse           |       |     4 |    17 ||    21
       Dazzling Spray    |       |       |     5 ||     5
       Animate Skeleton  |       |       |     6 ||     6
Evoke: Wand              |     1 |     2 |     3 ||     6
  Use: Scroll            |     1 |       |     7 ||     8
       Potion            |       |       |     2 ||     2
 Stab: Sleeping          |    12 |    16 |    20 ||    48
       Confused          |       |     2 |     9 ||    11
       Invisible         |       |       |     4 ||     4
       Distracted        |       |       |     1 ||     1
  Eat: Chunk             |       |     7 |    12 ||    19
       Ration            |       |       |     1 ||     1
Armor: Robe              |     6 |    12 |    32 ||    50
Dodge: Dodged            |    65 |    67 |   177 ||   309

Table legend:
 A = Non-vault XP
 B = Vault XP
 C = Vault XP percentage of total XP
 D = Non-vault monster count
 E = Vault monster count
 F = Vault count percentage of total count
                 A         B        C        D         E       F
            +---------+---------+-------+---------+---------+-------
      Total |    2376 |    1104 |  31.7 |     115 |      18 |  13.5
            +---------+---------+-------+---------+---------+-------
        D:1 |      21 |       0 |   0.0 |      11 |       0 |   0.0
        D:2 |      23 |       5 |  17.9 |      12 |       4 |  25.0
        D:3 |      60 |      20 |  25.0 |      13 |       5 |  27.8
        D:4 |     374 |       1 |   0.3 |      31 |       1 |   3.1
        D:5 |     453 |       0 |   0.0 |      20 |       0 |   0.0
        D:6 |     495 |     387 |  43.9 |      10 |       5 |  33.3
        D:7 |     663 |     691 |  51.0 |      13 |       3 |  18.8
        D:8 |     287 |       0 |   0.0 |       5 |       0 |   0.0
            +---------+---------+-------+---------+---------+-------
